Wild vs Jets
(R2)
Created - 10 juin 2013 at 19:22
Goals
|
| Wild |
0 |
1 |
0 |
1 |
| Jets |
0 |
1 |
1 |
2 |
|
Shots
|
| Wild |
8 |
15 |
6 |
29 |
| Jets |
4 |
11 |
13 |
28 |
|
1st period
No Goal
Penalties :
Dmitri Kalinin (Win) for Slashing (Minor) at 0:09, Karlis Skrastins (Win) for Holding (Minor) at 5:44, Bryce Salvador (Win) for Holding (Minor) at 12:16, Nikolai Zherdev (Win) for High sticking (Minor) at 19:02
2nd period
1. Wild , Chris Drury 10 (Jozef Stumpel, Bret Hedican) at 0:48 (PP)
2. Jets , Keith Tkachuk 8 (Jason Arnott, Shane Doan) at 17:39
Penalties :
Adam Burish (Win) for Fighting (Major) at 17:48, Mike Green (Min) for Fighting (Major) at 17:48, Bryce Salvador (Win) for Cross-checking (Minor) at 18:13
3rd period
3. Jets , Pavel Kubina 6 (Nikolai Zherdev, Jason Arnott) at 7:19 (PP)
Penalties :
Bret Hedican (Min) for Hooking (Minor) at 6:36, Danil Markov (Min) for Hooking (Minor) at 6:43, Jason Arnott (Win) for Hooking (Minor) at 9:58, Nikolai Zherdev (Win) for Roughing (Minor) at 13:48, Fredrik Modin (Min) for Holding Stick (Minor) at 18:07
Goalie Stats
Martin Brodeur (Min), 26 saves from 28 shots - (0,929), L, 9-7-0, 60:00 minutes
Ilya Bryzgalov (Win), 28 saves from 29 shots - (0,966), W, 7-1-1, 60:00 minutes
Players Stats for Wild
Player Name G A P +/- PIM S H SB GA TA FO MP PP MP PK MP
------------------------------------------------------------------------------------
Adam Deadmarsh 0 0 0 0 0 0 4 0 0 0 1/1 13:48 5:34 0:00
Alexander Perezhogin 0 0 0 0 0 1 3 2 1 0 0/1 20:48 7:46 0:00
Anson Carter 0 0 0 0 0 0 0 0 1 0 1/1 11:55 0:20 0:00
Bret Hedican 0 1 1 0 2 2 1 0 0 0 0/0 24:08 7:48 1:04
Brian Rolston 0 0 0 -1 0 0 0 0 0 0 0/1 11:51 0:00 2:27
Chris Drury 1 0 1 0 0 8 0 1 1 0 15/34 21:09 7:48 0:19
Chris Higgins 0 0 0 -1 0 4 2 0 0 1 0/0 11:24 0:11 0:55
Danil Markov 0 0 0 -1 2 1 1 0 0 0 0/0 16:29 1:25 1:15
Fedor Tyutin 0 0 0 0 0 1 3 1 0 0 0/0 19:23 5:52 1:38
Fredrik Modin 0 0 0 0 2 0 0 0 0 0 0/0 7:55 0:00 0:00
Jozef Stumpel 0 1 1 0 0 3 0 1 1 0 1/1 20:06 7:56 0:40
Mike Green 0 0 0 0 5 2 1 1 1 0 0/0 21:22 6:23 0:00
Mike Ricci 0 0 0 0 0 1 6 1 0 0 0/0 8:27 0:08 0:00
Nathan Dempsey 0 0 0 0 0 0 1 2 0 0 0/0 19:39 0:00 2:56
Niclas Wallin 0 0 0 -1 0 0 0 1 0 1 0/0 19:03 5:52 1:02
R.J. Umberger 0 0 0 0 0 5 4 0 0 0 1/2 18:18 5:33 0:00
Rod Brind'Amour 0 0 0 -1 0 0 0 0 0 1 3/6 12:23 0:00 2:59
Vaclav Prospal 0 0 0 0 0 1 3 0 0 0 5/7 17:14 5:44 0:00
Players Stats for Jets
Player Name G A P +/- PIM S H SB GA TA FO MP PP MP PK MP
------------------------------------------------------------------------------------
Adam Burish 0 0 0 1 5 0 0 1 0 0 0/0 12:03 0:00 1:24
Benoit Pouliot 0 0 0 0 0 1 3 1 0 0 1/2 19:06 2:43 1:58
Bryce Salvador 0 0 0 0 4 1 1 2 2 0 0/0 21:42 0:00 5:31
Colin White 0 0 0 0 0 0 0 0 0 1 0/0 18:27 0:00 6:05
David Vyborny 0 0 0 0 0 1 1 0 0 0 0/0 6:03 0:00 0:00
Dmitri Kalinin 0 0 0 0 2 1 2 0 1 1 0/0 27:55 3:11 6:38
Jason Allison 0 0 0 0 0 1 0 0 0 0 9/19 18:11 2:43 1:17
Jason Arnott 0 2 2 1 2 3 2 0 0 2 13/27 21:06 1:15 6:49
Jussi Jokinen 0 0 0 0 0 2 2 1 0 0 0/2 10:53 0:00 0:00
Karlis Skrastins 0 0 0 1 2 0 2 3 0 0 0/0 18:09 0:47 5:17
Keith Tkachuk 1 0 1 1 0 1 4 0 0 0 0/0 18:27 1:15 3:57
Kyle Wellwood 0 0 0 0 0 2 0 0 0 0 3/3 9:05 0:00 0:22
Mike Leclerc 0 0 0 0 0 2 0 1 0 1 0/0 13:47 0:00 7:36
Niklas Kronwall 0 0 0 1 0 2 0 6 0 0 0/0 13:25 0:47 0:44
Nikolai Zherdev 0 1 1 0 4 1 0 0 0 0 0/0 10:09 1:15 0:00
Pavel Kubina 1 0 1 0 0 4 2 0 0 0 0/0 20:36 3:11 3:05
Shane Doan 0 1 1 0 0 2 1 0 0 0 0/0 16:54 2:43 0:00
Tuomo Ruutu 0 0 0 0 0 4 0 0 0 0 1/1 10:14 0:00 3:57
3 Stars
1 - Ilya Bryzgalov (Win)
2 - Keith Tkachuk (Win)
3 - Pavel Kubina (Win)
Power Play
Wild - 1 on 7 Attempt(s) - 14,29%
Jets - 1 on 3 Attempt(s) - 33,33%
Penalty Kill
Wild - 2 on 3 Attempt(s) - 66,67%
- Score 0 goal in Penalty Kill
Jets - 6 on 7 Attempt(s) - 85,71%
- Score 0 goal in Penalty Kill
Official
Referees : Pochmara Brian and Rooney Chris
Linesman : Michel Cormier and Thor Nelson
Game Notes
Adam Burish and Mike Green fight to a draw at 17:48 of 2nd period
Finance
Level 1 -- Attendance: 6000 (100,00%) -- Ticket Income 660 000 $
Level 2 -- Attendance: 5000 (100,00%) -- Ticket Income 310 000 $
Level 3 -- Attendance: 1790 (89,50%) -- Ticket Income 80 550 $
Level 4 -- Attendance: 3390 (84,75%) -- Ticket Income 108 480 $
Luxury Box -- Attendance: 900 (90,00%) -- Ticket Income 207 000 $
Game was played at the MTS Center
Total Attendance: 17080 (94,89%)
Total Ticket Income: 1 366 030 $
Other Income: 68 302 $
Total Income: 1 434 332 $
Wild
5 vs 5 Forward
Center Left Wing Right Wing Time % Phy DF OF
1 Chris Drury R.J. Umberger Alexander Perezhogin 40 1 0 4
2 Vaclav Prospal Jozef Stumpel Anson Carter 30 0 1 4
3 Rod Brind'Amour Chris Higgins Brian Rolston 20 1 1 3
4 Mike Ricci Fredrik Modin Adam Deadmarsh 10 2 2 1
5 vs 5 Defense
Defense Defense Time % Phy DF OF
1 Mike Green Nathan Dempsey 40 1 3 1
2 Fedor Tyutin Bret Hedican 30 1 3 1
3 Niclas Wallin Danil Markov 20 1 3 1
4 Mike Green Bret Hedican 10 1 3 1
PowerPlay Forward
Center Left Wing Right Wing Time % Phy DF OF
1 Chris Drury Jozef Stumpel Alexander Perezhogin 60 0 1 4
2 Vaclav Prospal R.J. Umberger Adam Deadmarsh 40 0 1 4
PowerPlay Defense
Defense Defense Time % Phy DF OF
1 Bret Hedican Mike Green 60 0 2 3
2 Fedor Tyutin Niclas Wallin 40 0 2 3
Penalty Kill 4 Players Forward
Center Wing Time % Phy DF OF
1 Rod Brind'Amour Brian Rolston 60 1 3 1
2 Jozef Stumpel Chris Higgins 40 1 3 1
Penalty Kill 4 Players Defense
Defense Defense Time % Phy DF OF
1 Danil Markov Nathan Dempsey 60 2 3 0
2 Fedor Tyutin Niclas Wallin 40 2 3 0
Penalty Kill - 3 Players Forward
Forward Time % Phy DF OF
1 Rod Brind'Amour 60 1 4 0
2 Brian Rolston 40 1 4 0
Penalty Kill - 3 Players Defense
Defense Defense Time % Phy DF OF
1 Danil Markov Nathan Dempsey 60 2 3 0
2 Fedor Tyutin Niclas Wallin 40 2 3 0
4 vs 4 Forward
Center Wing Time % Phy DF OF
1 R.J. Umberger Chris Drury 60 1 1 3
2 Jozef Stumpel Vaclav Prospal 40 1 1 3
4 vs 4 Defense
Defense Defense Time % Phy DF OF
1 Bret Hedican Mike Green 60 1 3 1
2 Fedor Tyutin Nathan Dempsey 40 1 3 1
Last Minutes Offensive
Center Left Wing Right Wing Defense Defense
Chris Drury Jozef Stumpel Alexander Perezhogin Bret Hedican Nathan Dempsey
Last Minutes Defensive
Center Left Wing Right Wing Defense Defense
Rod Brind'Amour Mike Ricci Brian Rolston Danil Markov Niclas Wallin
Goaltenders
Starting : Martin Brodeur
Backup : Jamie Storr
Extra Forwards
Normal : Chris Drury, Alexander Perezhogin, Jozef Stumpel - PP : Chris Drury, Alexander Perezhogin - PK : Rod Brind'Amour
Extra Defensemen
Normal : Mike Green, Nathan Dempsey, Bret Hedican - PP : Mike Green - PK : Nathan Dempsey, Danil Markov
Penalty Shots
Alexander Perezhogin, Chris Drury, Jozef Stumpel, Vaclav Prospal, Mike Ricci
Jets
5 vs 5 Forward
Center Left Wing Right Wing Time % Phy DF OF
1 Jason Allison Benoit Pouliot Shane Doan 38 1 1 3
2 Jason Arnott Keith Tkachuk Adam Burish 32 1 1 3
3 Kyle Wellwood Jussi Jokinen Nikolai Zherdev 20 1 1 3
4 Tuomo Ruutu Mike Leclerc David Vyborny 10 1 2 2
5 vs 5 Defense
Defense Defense Time % Phy DF OF
1 Bryce Salvador Dmitri Kalinin 40 2 2 1
2 Pavel Kubina Colin White 30 2 2 1
3 Niklas Kronwall Karlis Skrastins 20 1 3 1
4 Pavel Kubina Dmitri Kalinin 10 2 2 1
PowerPlay Forward
Center Left Wing Right Wing Time % Phy DF OF
1 Jason Allison Benoit Pouliot Shane Doan 60 0 0 5
2 Jason Arnott Keith Tkachuk Nikolai Zherdev 40 0 0 5
PowerPlay Defense
Defense Defense Time % Phy DF OF
1 Dmitri Kalinin Pavel Kubina 60 0 1 4
2 Niklas Kronwall Karlis Skrastins 40 0 2 3
Penalty Kill 4 Players Forward
Center Wing Time % Phy DF OF
1 Jason Arnott Mike Leclerc 60 0 4 1
2 Tuomo Ruutu Keith Tkachuk 40 0 4 1
Penalty Kill 4 Players Defense
Defense Defense Time % Phy DF OF
1 Dmitri Kalinin Bryce Salvador 60 1 4 0
2 Colin White Karlis Skrastins 40 1 4 0
Penalty Kill - 3 Players Forward
Forward Time % Phy DF OF
1 Keith Tkachuk 60 0 4 1
2 Jason Arnott 40 0 4 1
Penalty Kill - 3 Players Defense
Defense Defense Time % Phy DF OF
1 Dmitri Kalinin Bryce Salvador 60 1 2 2
2 Colin White Pavel Kubina 40 1 2 2
4 vs 4 Forward
Center Wing Time % Phy DF OF
1 Jason Allison Shane Doan 60 1 2 2
2 Jason Arnott Benoit Pouliot 40 1 2 2
4 vs 4 Defense
Defense Defense Time % Phy DF OF
1 Dmitri Kalinin Bryce Salvador 60 1 2 2
2 Karlis Skrastins Pavel Kubina 40 1 2 2
Last Minutes Offensive
Center Left Wing Right Wing Defense Defense
Jason Allison Benoit Pouliot Shane Doan Pavel Kubina Dmitri Kalinin
Last Minutes Defensive
Center Left Wing Right Wing Defense Defense
Jason Arnott Adam Burish Keith Tkachuk Bryce Salvador Dmitri Kalinin
Goaltenders
Starting : Ilya Bryzgalov
Backup : Maxime Daigneault
Extra Forwards
Normal : Jussi Jokinen, Benoit Pouliot, Keith Tkachuk - PP : Shane Doan, Benoit Pouliot - PK : Adam Burish
Extra Defensemen
Normal : Pavel Kubina, Dmitri Kalinin, Bryce Salvador - PP : Pavel Kubina - PK : Dmitri Kalinin, Pavel Kubina
Penalty Shots
Jason Arnott, Benoit Pouliot, Keith Tkachuk, Shane Doan, Jason Allison
% Time on Ice - Wild
Lines # - Real PCT - Wanted PCT - Time Play
Normal Forward
1 - 30% - 40% - 12:51
2 - 30% - 30% - 12:38
3 - 22% - 20% - 9:24
4 - 18% - 10% - 7:29
Normal Defense
1 - 42% - 40% - 17:38
2 - 28% - 30% - 11:47
3 - 28% - 20% - 11:56
4 - 2% - 10% - 1:01
PP Forward
1 - 58% - 60% - 7:56
2 - 42% - 40% - 5:44
PP Defense
1 - 57% - 60% - 7:48
2 - 43% - 40% - 5:52
PK Forward
1 - 80% - 60% - 2:42
2 - 20% - 40% - 0:40
PK Defense
1 - 69% - 60% - 2:20
2 - 31% - 40% - 1:02
PK3 Forward
1 - 100% - 60% - 0:36
2 - 0% - 40% - 0:00
PK3 Defense
1 - 100% - 60% - 0:36
2 - 0% - 40% - 0:00
44 Forward
1 - 0% - 60%
2 - 0% - 40%
44 Defense
1 - 0% - 60%
2 - 0% - 40%
Last Minute Offensive - 0:00
Last Minute Defensive - 0:00
Total
Forward - 60:00
Defense - 60:00
|
% Time on Ice - Jets
Lines # - Real PCT - Wanted PCT - Time Play
Normal Forward
1 - 34% - 38% - 14:21
2 - 31% - 32% - 13:15
3 - 21% - 20% - 8:43
4 - 14% - 10% - 6:03
Normal Defense
1 - 40% - 40% - 17:00
2 - 28% - 30% - 11:56
3 - 28% - 20% - 11:47
4 - 4% - 10% - 1:39
PP Forward
1 - 68% - 60% - 2:43
2 - 32% - 40% - 1:15
PP Defense
1 - 80% - 60% - 3:11
2 - 20% - 40% - 0:47
PK Forward
1 - 71% - 60% - 9:43
2 - 29% - 40% - 3:57
PK Defense
1 - 63% - 60% - 8:34
2 - 37% - 40% - 5:06
PK3 Forward
1 - 0% - 60%
2 - 0% - 40%
PK3 Defense
1 - 0% - 60%
2 - 0% - 40%
44 Forward
1 - 0% - 60%
2 - 0% - 40%
44 Defense
1 - 0% - 60%
2 - 0% - 40%
Last Minute Offensive - 0:00
Last Minute Defensive - 0:00
Total
Forward - 60:00
Defense - 60:00
|
Play by Play
1st period
0:01 of 1st period - Chris Drury wins face-off versus Jason Allison in neutral zone.
0:03 of 1st period - Off-side.
0:04 of 1st period - Chris Drury wins face-off versus Jason Allison in neutral zone.
0:06 of 1st period - Off-side.
0:07 of 1st period - Chris Drury wins face-off versus Jason Allison in neutral zone.
0:09 of 1st period - Minor Penalty to Dmitri Kalinin for Slashing.
0:10 of 1st period - Chris Drury wins face-off versus Jason Arnott in Jets zone.
0:25 of 1st period - Snap shot by Chris Drury.
0:25 of 1st period - Stopped by Ilya Bryzgalov with a rebound.
1:53 of 1st period - Colin White is hit by Fedor Tyutin and loses puck.
2:09 of 1st period - Penalty to Dmitri Kalinin is over, Dmitri Kalinin is back on ice.
2:43 of 1st period - Slapshot by Mike Green.
2:43 of 1st period - Stopped by Ilya Bryzgalov with a rebound.
2:57 of 1st period - Dmitri Kalinin is hit by Mike Ricci and loses puck.
3:15 of 1st period - Jozef Stumpel is hit by Pavel Kubina and loses puck.
3:32 of 1st period - Alexander Perezhogin is hit by Dmitri Kalinin and loses puck.
4:41 of 1st period - Danil Markov is hit by Keith Tkachuk and loses puck.
5:20 of 1st period - Fedor Tyutin is hit by David Vyborny and loses puck.
5:29 of 1st period - Wrist shot by Tuomo Ruutu.
5:29 of 1st period - Stopped by Martin Brodeur without a rebound.
5:30 of 1st period - Jason Allison wins face-off versus Vaclav Prospal in Wild zone.
5:31 of 1st period - Wrist shot by Shane Doan.
5:31 of 1st period - Shot Blocked by Jozef Stumpel.
5:33 of 1st period - Slapshot by Shane Doan.
5:33 of 1st period - Stopped by Martin Brodeur with a rebound.
5:44 of 1st period - Minor Penalty to Karlis Skrastins for Holding.
5:45 of 1st period - Chris Drury wins face-off versus Jason Arnott in Jets zone.
5:56 of 1st period - Snap shot by Jozef Stumpel.
5:56 of 1st period - Shot Misses the Net.
6:15 of 1st period - Icing by Vaclav Prospal.
6:16 of 1st period - Tuomo Ruutu wins face-off versus Vaclav Prospal in Wild zone.
6:19 of 1st period - Wrist shot by Keith Tkachuk.
6:19 of 1st period - Shot Misses the Net.
7:03 of 1st period - Snap shot by Mike Leclerc.
7:03 of 1st period - Shot Blocked by Chris Drury.
7:44 of 1st period - Penalty to Karlis Skrastins is over, Karlis Skrastins is back on ice.
8:16 of 1st period - Dmitri Kalinin is hit by Mike Ricci and loses puck.
8:28 of 1st period - Bryce Salvador is hit by Adam Deadmarsh and loses puck.
9:09 of 1st period - Snap shot by Mike Leclerc.
9:09 of 1st period - Stopped by Martin Brodeur without a rebound.
9:10 of 1st period - Chris Drury wins face-off versus Jason Allison in Wild zone.
9:10 of 1st period - Chris Drury is hit by Shane Doan.
9:26 of 1st period - Colin White is hit by R.J. Umberger and loses puck.
9:51 of 1st period - Nathan Dempsey is hit by Keith Tkachuk and loses puck.
10:50 of 1st period - Wrist shot by Chris Drury.
10:50 of 1st period - Deflect By Pavel Kubina.
10:50 of 1st period - Stopped by Ilya Bryzgalov with a rebound.
10:52 of 1st period - Slapshot by Chris Drury.
10:52 of 1st period - Stopped by Ilya Bryzgalov with a rebound.
11:17 of 1st period - Wrist shot by Chris Higgins.
11:17 of 1st period - Stopped by Ilya Bryzgalov with a rebound.
11:37 of 1st period - Pavel Kubina is hit by Mike Ricci and loses puck.
11:54 of 1st period - Jason Allison is hit by Adam Deadmarsh and loses puck.
12:01 of 1st period - Backhand shot by Mike Ricci.
12:01 of 1st period - Stopped by Ilya Bryzgalov with a rebound.
12:03 of 1st period - Slapshot by Mike Green.
12:03 of 1st period - Shot Misses the Net.
12:16 of 1st period - Minor Penalty to Bryce Salvador for Holding.
12:17 of 1st period - Jason Arnott wins face-off versus Chris Drury in Jets zone.
14:03 of 1st period - Icing by Chris Drury.
14:04 of 1st period - Jason Arnott wins face-off versus Chris Drury in Wild zone.
14:05 of 1st period - Wrist shot by Benoit Pouliot.
14:05 of 1st period - Shot Misses the Net.
14:16 of 1st period - Penalty to Bryce Salvador is over, Bryce Salvador is back on ice.
14:53 of 1st period - Adam Deadmarsh is hit by Benoit Pouliot and loses puck.
15:38 of 1st period - Snap shot by Tuomo Ruutu.
15:38 of 1st period - Stopped by Martin Brodeur with a rebound.
16:11 of 1st period - Icing by Bret Hedican.
16:12 of 1st period - Benoit Pouliot wins face-off versus Rod Brind'Amour in Wild zone.
16:21 of 1st period - Snap shot by Chris Higgins.
16:21 of 1st period - Stopped by Ilya Bryzgalov with a rebound.
16:39 of 1st period - Wrist shot by R.J. Umberger.
16:39 of 1st period - Stopped by Ilya Bryzgalov with a rebound.
17:37 of 1st period - Tuomo Ruutu is hit by R.J. Umberger and loses puck.
19:02 of 1st period - Minor Penalty to Nikolai Zherdev for High sticking.
19:03 of 1st period - Jason Arnott wins face-off versus Chris Drury in Jets zone.
19:19 of 1st period - Wrist shot by Chris Drury.
19:19 of 1st period - Shot Blocked by Karlis Skrastins.
2nd period
0:01 of 2nd period - Chris Drury wins face-off versus Jason Arnott in neutral zone.
0:06 of 2nd period - Backhand shot by Mike Green.
0:06 of 2nd period - Shot Misses the Net.
0:08 of 2nd period - Snap shot by Chris Drury.
0:08 of 2nd period - Stopped by Ilya Bryzgalov with a rebound.
0:10 of 2nd period - Wrist shot by Jozef Stumpel.
0:10 of 2nd period - Shot Blocked by Mike Leclerc.
0:12 of 2nd period - Snap shot by Bret Hedican.
0:12 of 2nd period - Stopped by Ilya Bryzgalov without a rebound.
0:13 of 2nd period - Jason Arnott wins face-off versus Chris Drury in Jets zone.
0:23 of 2nd period - Icing by Mike Green.
0:24 of 2nd period - Chris Drury wins face-off versus Jason Arnott in Wild zone.
0:24 of 2nd period - Chris Drury is hit by Jason Arnott.
0:48 of 2nd period - Snap shot by Chris Drury.
0:48 of 2nd period - Goal by Chris Drury - Wild : 1 - Jets : 0.
0:49 of 2nd period - Chris Drury wins face-off versus Jason Arnott in neutral zone.
0:52 of 2nd period - Wrist shot by R.J. Umberger.
0:52 of 2nd period - Shot Blocked by Bryce Salvador.
0:54 of 2nd period - Wrist shot by R.J. Umberger.
0:54 of 2nd period - Shot Misses the Net.
0:56 of 2nd period - Slapshot by Nathan Dempsey.
0:56 of 2nd period - Shot Blocked by Bryce Salvador.
1:38 of 2nd period - Wrist shot by Tuomo Ruutu.
1:38 of 2nd period - Shot Misses the Net.
1:42 of 2nd period - Snap shot by Tuomo Ruutu.
1:42 of 2nd period - Stopped by Martin Brodeur with a rebound.
1:44 of 2nd period - Snap shot by Tuomo Ruutu.
1:44 of 2nd period - Stopped by Martin Brodeur without a rebound.
1:45 of 2nd period - Jason Arnott wins face-off versus Chris Drury in Wild zone.
1:46 of 2nd period - Snap shot by Adam Burish.
1:46 of 2nd period - Shot Blocked by Alexander Perezhogin.
2:29 of 2nd period - Wrist shot by Nikolai Zherdev.
2:29 of 2nd period - Shot Misses the Net.
2:39 of 2nd period - Wrist shot by Nikolai Zherdev.
2:39 of 2nd period - Shot Blocked by Niclas Wallin.
3:17 of 2nd period - Snap shot by Chris Drury.
3:17 of 2nd period - Shot Misses the Net.
3:33 of 2nd period - Snap shot by Tuomo Ruutu.
3:33 of 2nd period - Shot Blocked by Nathan Dempsey.
3:35 of 2nd period - Slapshot by Dmitri Kalinin.
3:35 of 2nd period - Stopped by Martin Brodeur without a rebound.
3:36 of 2nd period - Vaclav Prospal wins face-off versus Jason Arnott in Wild zone.
3:41 of 2nd period - Slapshot by Fedor Tyutin.
3:41 of 2nd period - Deflect By Jozef Stumpel.
3:41 of 2nd period - Stopped by Ilya Bryzgalov without a rebound.
3:42 of 2nd period - Vaclav Prospal wins face-off versus Jason Arnott in Jets zone.
3:43 of 2nd period - Slapshot by Jozef Stumpel.
3:43 of 2nd period - Shot Misses the Net.
4:16 of 2nd period - Slapshot by R.J. Umberger.
4:16 of 2nd period - Shot Blocked by Karlis Skrastins.
4:18 of 2nd period - Wrist shot by Chris Drury.
4:18 of 2nd period - Stopped by Ilya Bryzgalov with a rebound.
5:02 of 2nd period - Wrist shot by Brian Rolston.
5:02 of 2nd period - Shot Misses the Net.
5:04 of 2nd period - Slapshot by Mike Green.
5:04 of 2nd period - Deflect By Tuomo Ruutu.
5:04 of 2nd period - Stopped by Ilya Bryzgalov with a rebound.
5:38 of 2nd period - Icing by Shane Doan.
5:39 of 2nd period - Jason Allison wins face-off versus R.J. Umberger in Jets zone.
6:04 of 2nd period - Colin White is hit by Vaclav Prospal and loses puck.
6:11 of 2nd period - Wrist shot by Vaclav Prospal.
6:11 of 2nd period - Shot Misses the Net.
6:33 of 2nd period - Wrist shot by Kyle Wellwood.
6:33 of 2nd period - Shot Blocked by Nathan Dempsey.
6:35 of 2nd period - Snap shot by Kyle Wellwood.
6:35 of 2nd period - Shot Misses the Net.
6:37 of 2nd period - Snap shot by Nikolai Zherdev.
6:37 of 2nd period - Shot Misses the Net.
6:39 of 2nd period - Slapshot by Colin White.
6:39 of 2nd period - Deflect By Kyle Wellwood.
6:39 of 2nd period - Stopped by Martin Brodeur with a rebound.
6:49 of 2nd period - Benoit Pouliot is hit by Alexander Perezhogin and loses puck.
6:57 of 2nd period - Slapshot by Nathan Dempsey.
6:57 of 2nd period - Shot Misses the Net.
7:12 of 2nd period - Snap shot by David Vyborny.
7:12 of 2nd period - Shot Blocked by Mike Ricci.
7:14 of 2nd period - Slapshot by Bryce Salvador.
7:14 of 2nd period - Stopped by Martin Brodeur without a rebound.
7:15 of 2nd period - Chris Drury wins face-off versus Jason Arnott in Wild zone.
7:20 of 2nd period - Snap shot by Chris Drury.
7:20 of 2nd period - Shot Blocked by Niklas Kronwall.
7:40 of 2nd period - Shane Doan is hit by Chris Higgins and loses puck.
7:51 of 2nd period - Wrist shot by Rod Brind'Amour.
7:51 of 2nd period - Shot Misses the Net.
7:53 of 2nd period - Slapshot by Chris Higgins.
7:53 of 2nd period - Stopped by Ilya Bryzgalov with a rebound.
8:05 of 2nd period - Slapshot by Bret Hedican.
8:05 of 2nd period - Stopped by Ilya Bryzgalov with a rebound.
8:07 of 2nd period - Slapshot by Bret Hedican.
8:07 of 2nd period - Shot Blocked by Niklas Kronwall.
8:09 of 2nd period - Wrist shot by Fedor Tyutin.
8:09 of 2nd period - Stopped by Ilya Bryzgalov with a rebound.
8:11 of 2nd period - Slapshot by Fedor Tyutin.
8:11 of 2nd period - Shot Misses the Net.
8:13 of 2nd period - Backhand shot by Fredrik Modin.
8:13 of 2nd period - Shot Blocked by Niklas Kronwall.
8:15 of 2nd period - Snap shot by Fedor Tyutin.
8:15 of 2nd period - Shot Blocked by Benoit Pouliot.
8:33 of 2nd period - Snap shot by Vaclav Prospal.
8:33 of 2nd period - Deflect By Jozef Stumpel.
8:33 of 2nd period - Stopped by Ilya Bryzgalov with a rebound.
8:53 of 2nd period - Snap shot by Chris Drury.
8:53 of 2nd period - Stopped by Ilya Bryzgalov with a rebound.
8:55 of 2nd period - Snap shot by Chris Drury.
8:55 of 2nd period - Shot Blocked by Niklas Kronwall.
9:34 of 2nd period - Slapshot by Mike Ricci.
9:34 of 2nd period - Shot Blocked by Jussi Jokinen.
9:41 of 2nd period - Icing by Jussi Jokinen.
9:42 of 2nd period - Vaclav Prospal wins face-off versus Jason Arnott in Jets zone.
10:18 of 2nd period - Icing by Dmitri Kalinin.
10:19 of 2nd period - Vaclav Prospal wins face-off versus Jason Allison in Jets zone.
10:51 of 2nd period - Wrist shot by R.J. Umberger.
10:51 of 2nd period - Deflect By Pavel Kubina.
10:51 of 2nd period - Stopped by Ilya Bryzgalov with a rebound.
10:53 of 2nd period - Wrist shot by Chris Drury.
10:53 of 2nd period - Shot Misses the Net.
11:03 of 2nd period - Nikolai Zherdev is hit by Fedor Tyutin and loses puck.
11:12 of 2nd period - Snap shot by Rod Brind'Amour.
11:12 of 2nd period - Shot Misses the Net.
11:24 of 2nd period - Mike Leclerc is hit by Mike Ricci and loses puck.
11:31 of 2nd period - Slapshot by Pavel Kubina.
11:31 of 2nd period - Stopped by Martin Brodeur with a rebound.
11:33 of 2nd period - Wrist shot by David Vyborny.
11:33 of 2nd period - Stopped by Martin Brodeur with a rebound.
11:45 of 2nd period - Snap shot by Vaclav Prospal.
11:45 of 2nd period - Shot Blocked by Karlis Skrastins.
11:47 of 2nd period - Snap shot by Jozef Stumpel.
11:47 of 2nd period - Stopped by Ilya Bryzgalov without a rebound.
11:48 of 2nd period - Anson Carter wins face-off versus Jason Allison in Jets zone.
12:15 of 2nd period - Bryce Salvador is hit by Vaclav Prospal and loses puck.
12:37 of 2nd period - Off-side.
12:38 of 2nd period - Jason Arnott wins face-off versus Chris Drury in neutral zone.
12:45 of 2nd period - Slapshot by Jason Arnott.
12:45 of 2nd period - Stopped by Martin Brodeur without a rebound.
12:46 of 2nd period - Chris Drury wins face-off versus Jason Arnott in Wild zone.
13:13 of 2nd period - Slapshot by R.J. Umberger.
13:13 of 2nd period - Stopped by Ilya Bryzgalov without a rebound.
13:14 of 2nd period - Rod Brind'Amour wins face-off versus Jussi Jokinen in Jets zone.
13:28 of 2nd period - Nathan Dempsey is hit by Bryce Salvador and loses puck.
13:35 of 2nd period - Snap shot by Nikolai Zherdev.
13:35 of 2nd period - Shot Misses the Net.
13:37 of 2nd period - Backhand shot by Kyle Wellwood.
13:37 of 2nd period - Stopped by Martin Brodeur without a rebound.
13:38 of 2nd period - Jason Arnott wins face-off versus Chris Drury in Wild zone.
13:41 of 2nd period - Wrist shot by Adam Burish.
13:41 of 2nd period - Shot Misses the Net.
13:51 of 2nd period - R.J. Umberger is hit by Keith Tkachuk and loses puck.
14:04 of 2nd period - Anson Carter is hit by Pavel Kubina and loses puck.
14:54 of 2nd period - Wrist shot by Benoit Pouliot.
14:54 of 2nd period - Stopped by Martin Brodeur without a rebound.
14:55 of 2nd period - Jason Arnott wins face-off versus Chris Drury in Wild zone.
16:04 of 2nd period - Snap shot by R.J. Umberger.
16:04 of 2nd period - Stopped by Ilya Bryzgalov without a rebound.
16:05 of 2nd period - R.J. Umberger wins face-off versus Jason Arnott in Jets zone.
16:39 of 2nd period - Slapshot by Benoit Pouliot.
16:39 of 2nd period - Shot Misses the Net.
16:45 of 2nd period - Snap shot by Benoit Pouliot.
16:45 of 2nd period - Deflect By Shane Doan.
16:45 of 2nd period - Shot Blocked by Mike Green.
16:45 of 2nd period - Puck is out of play.
16:46 of 2nd period - Kyle Wellwood wins face-off versus Alexander Perezhogin in Wild zone.
16:47 of 2nd period - Snap shot by Jussi Jokinen.
16:47 of 2nd period - Shot Blocked by Alexander Perezhogin.
17:11 of 2nd period - Jason Allison is hit by Bret Hedican and loses puck.
17:24 of 2nd period - Niclas Wallin is hit by Karlis Skrastins and loses puck.
17:39 of 2nd period - Snap shot by Jason Arnott.
17:39 of 2nd period - Deflect By Keith Tkachuk.
17:39 of 2nd period - Goal by Keith Tkachuk - Wild : 1 - Jets : 1.
17:40 of 2nd period - Jason Arnott wins face-off versus Chris Drury in neutral zone.
17:48 of 2nd period - Adam Burish and Mike Green fight to a draw.
17:48 of 2nd period - Penalty to Adam Burish for Fighting.
17:48 of 2nd period - Penalty to Mike Green for Fighting.
17:49 of 2nd period - Chris Drury wins face-off versus Jussi Jokinen in Wild zone.
18:13 of 2nd period - Minor Penalty to Bryce Salvador for Cross-checking.
18:14 of 2nd period - Jason Arnott wins face-off versus Chris Drury in Jets zone.
18:48 of 2nd period - Snap shot by Tuomo Ruutu.
18:48 of 2nd period - Shot Misses the Net.
3rd period
0:01 of 3rd period - Jason Arnott wins face-off versus Chris Drury in neutral zone.
0:04 of 3rd period - Snap shot by Mike Leclerc.
0:04 of 3rd period - Shot Misses the Net.
0:13 of 3rd period - Penalty to Bryce Salvador is over, Bryce Salvador is back on ice.
0:33 of 3rd period - Wrist shot by Rod Brind'Amour.
0:33 of 3rd period - Shot Misses the Net.
0:53 of 3rd period - Snap shot by Jussi Jokinen.
0:53 of 3rd period - Shot Misses the Net.
0:55 of 3rd period - Snap shot by Jussi Jokinen.
0:55 of 3rd period - Shot Misses the Net.
0:59 of 3rd period - Snap shot by Jussi Jokinen.
0:59 of 3rd period - Shot Misses the Net.
1:14 of 3rd period - Off-side.
1:15 of 3rd period - Jason Arnott wins face-off versus Chris Drury in neutral zone.
1:20 of 3rd period - Wrist shot by R.J. Umberger.
1:20 of 3rd period - Stopped by Ilya Bryzgalov without a rebound.
1:21 of 3rd period - Chris Drury wins face-off versus Jason Arnott in Jets zone.
1:45 of 3rd period - Bryce Salvador is hit by Vaclav Prospal and loses puck.
1:52 of 3rd period - Snap shot by Jason Allison.
1:52 of 3rd period - Deflect By Shane Doan.
1:52 of 3rd period - Stopped by Martin Brodeur without a rebound.
1:53 of 3rd period - Chris Drury wins face-off versus Jason Allison in Wild zone.
1:58 of 3rd period - Wrist shot by Alexander Perezhogin.
1:58 of 3rd period - Stopped by Ilya Bryzgalov with a rebound.
2:21 of 3rd period - Pavel Kubina is hit by Nathan Dempsey and loses puck.
2:26 of 3rd period - Wrist shot by Jason Arnott.
2:26 of 3rd period - Stopped by Martin Brodeur without a rebound.
2:27 of 3rd period - Chris Drury wins face-off versus Jason Arnott in Wild zone.
2:36 of 3rd period - Wrist shot by Jason Arnott.
2:36 of 3rd period - Stopped by Martin Brodeur without a rebound.
2:37 of 3rd period - Jason Arnott wins face-off versus Chris Drury in Wild zone.
2:38 of 3rd period - Wrist shot by Jussi Jokinen.
2:38 of 3rd period - Shot Misses the Net.
2:54 of 3rd period - Danil Markov is hit by Jason Arnott.
3:31 of 3rd period - Jason Arnott is hit by R.J. Umberger and loses puck.
3:34 of 3rd period - Wrist shot by Jussi Jokinen.
3:34 of 3rd period - Stopped by Martin Brodeur without a rebound.
3:35 of 3rd period - Vaclav Prospal wins face-off versus Jason Allison in Wild zone.
4:00 of 3rd period - Colin White is hit by Mike Green and loses puck.
4:07 of 3rd period - Slapshot by Niklas Kronwall.
4:07 of 3rd period - Stopped by Martin Brodeur with a rebound.
5:32 of 3rd period - Wrist shot by Vaclav Prospal.
5:32 of 3rd period - Stopped by Ilya Bryzgalov with a rebound.
5:56 of 3rd period - Snap shot by Chris Higgins.
5:56 of 3rd period - Shot Blocked by Adam Burish.
6:14 of 3rd period - Slapshot by David Vyborny.
6:14 of 3rd period - Shot Misses the Net.
6:16 of 3rd period - Snap shot by Tuomo Ruutu.
6:16 of 3rd period - Shot Misses the Net.
6:18 of 3rd period - Snap shot by Mike Leclerc.
6:18 of 3rd period - Stopped by Martin Brodeur without a rebound.
6:19 of 3rd period - Kyle Wellwood wins face-off versus Chris Drury in Wild zone.
6:23 of 3rd period - Icing by Alexander Perezhogin.
6:24 of 3rd period - Kyle Wellwood wins face-off versus Chris Drury in Wild zone.
6:29 of 3rd period - Wrist shot by Jussi Jokinen.
6:29 of 3rd period - Stopped by Martin Brodeur with a rebound.
6:31 of 3rd period - Snap shot by Nikolai Zherdev.
6:31 of 3rd period - Shot Misses the Net.
6:33 of 3rd period - Snap shot by Pavel Kubina.
6:33 of 3rd period - Stopped by Martin Brodeur without a rebound.
6:34 of 3rd period - Jason Allison wins face-off versus Chris Drury in Wild zone.
6:36 of 3rd period - Minor Penalty to Bret Hedican for Hooking.
6:37 of 3rd period - Rod Brind'Amour wins face-off versus Benoit Pouliot in Wild zone.
6:43 of 3rd period - Minor Penalty to Danil Markov for Hooking.
6:44 of 3rd period - Rod Brind'Amour wins face-off versus Jason Allison in Wild zone.
7:13 of 3rd period - Wrist shot by Jason Arnott.
7:13 of 3rd period - Shot Misses the Net.
7:15 of 3rd period - Snap shot by Nikolai Zherdev.
7:15 of 3rd period - Shot Misses the Net.
7:17 of 3rd period - Slapshot by Pavel Kubina.
7:17 of 3rd period - Stopped by Martin Brodeur with a rebound.
7:19 of 3rd period - Slapshot by Pavel Kubina.
7:19 of 3rd period - Goal by Pavel Kubina - Wild : 1 - Jets : 2.
7:20 of 3rd period - Jason Allison wins face-off versus Rod Brind'Amour in neutral zone.
7:23 of 3rd period - Wrist shot by Jason Allison.
7:23 of 3rd period - Shot Misses the Net.
7:58 of 3rd period - Snap shot by Shane Doan.
7:58 of 3rd period - Deflect By Benoit Pouliot.
7:58 of 3rd period - Shot Misses the Net.
7:58 of 3rd period - Puck is out of play.
7:59 of 3rd period - Jozef Stumpel wins face-off versus Jason Allison in Wild zone.
8:10 of 3rd period - Slapshot by Niklas Kronwall.
8:10 of 3rd period - Stopped by Martin Brodeur without a rebound.
8:11 of 3rd period - Jason Allison wins face-off versus Rod Brind'Amour in Wild zone.
8:36 of 3rd period - Jason Arnott is hit by Chris Higgins and loses puck.
8:43 of 3rd period - Penalty to Danil Markov is over, Danil Markov is back on ice.
8:43 of 3rd period - Slapshot by Jozef Stumpel.
8:43 of 3rd period - Shot Blocked by Niklas Kronwall.
8:45 of 3rd period - Snap shot by Jozef Stumpel.
8:45 of 3rd period - Shot Misses the Net.
8:47 of 3rd period - Slapshot by Jozef Stumpel.
8:47 of 3rd period - Shot Blocked by Niklas Kronwall.
8:49 of 3rd period - Snap shot by Danil Markov.
8:49 of 3rd period - Stopped by Ilya Bryzgalov without a rebound.
8:50 of 3rd period - Jason Allison wins face-off versus Chris Drury in Jets zone.
8:50 of 3rd period - Bryce Salvador is hit by R.J. Umberger and loses puck.
8:55 of 3rd period - Snap shot by Chris Drury.
8:55 of 3rd period - Stopped by Ilya Bryzgalov with a rebound.
9:17 of 3rd period - Jozef Stumpel is hit by Dmitri Kalinin and loses puck.
9:44 of 3rd period - Pavel Kubina is hit by Mike Ricci and loses puck.
9:58 of 3rd period - Minor Penalty to Jason Arnott for Hooking.
9:59 of 3rd period - Jason Allison wins face-off versus Chris Drury in Jets zone.
10:36 of 3rd period - Bryce Salvador is hit by Adam Deadmarsh and loses puck.
10:57 of 3rd period - Jason Allison is hit by Adam Deadmarsh and loses puck.
11:58 of 3rd period - Penalty to Jason Arnott is over, Jason Arnott is back on ice.
12:28 of 3rd period - Fredrik Modin is hit by Keith Tkachuk and loses puck.
12:50 of 3rd period - Anson Carter is hit by Jussi Jokinen and loses puck.
13:31 of 3rd period - R.J. Umberger is hit by Benoit Pouliot and loses puck.
13:36 of 3rd period - Snap shot by Jason Allison.
13:36 of 3rd period - Deflect By R.J. Umberger.
13:36 of 3rd period - Stopped by Martin Brodeur with a rebound.
13:46 of 3rd period - R.J. Umberger is hit by Jussi Jokinen and loses puck.
13:48 of 3rd period - Minor Penalty to Nikolai Zherdev for Roughing.
13:49 of 3rd period - Adam Deadmarsh wins face-off versus Jason Arnott in Jets zone.
14:12 of 3rd period - Mike Leclerc is hit by Fedor Tyutin and loses puck.
14:57 of 3rd period - Karlis Skrastins is hit by Alexander Perezhogin and loses puck.
15:41 of 3rd period - Mike Leclerc is hit by Alexander Perezhogin.
15:48 of 3rd period - Penalty to Nikolai Zherdev is over, Nikolai Zherdev is back on ice.
16:36 of 3rd period - Mike Green is hit by Karlis Skrastins and loses puck.
16:55 of 3rd period - Jason Arnott is hit by Mike Ricci and loses puck.
17:34 of 3rd period - Niklas Kronwall is hit by Danil Markov and loses puck.
17:59 of 3rd period - Alexander Perezhogin is hit by Benoit Pouliot and loses puck.
18:07 of 3rd period - Minor Penalty to Fredrik Modin for Holding Stick.
18:08 of 3rd period - Jason Allison wins face-off versus Brian Rolston in Wild zone.
18:41 of 3rd period - Slapshot by Nikolai Zherdev.
18:41 of 3rd period - Stopped by Martin Brodeur with a rebound.
18:43 of 3rd period - Wrist shot by Keith Tkachuk.
18:43 of 3rd period - Shot Blocked by Fedor Tyutin.
19:21 of 3rd period - Wrist shot by Chris Higgins.
19:21 of 3rd period - Stopped by Ilya Bryzgalov without a rebound.
19:22 of 3rd period - Bob Hartley call a timeout for Wild.
19:22 of 3rd period - Jason Allison wins face-off versus Chris Drury in Jets zone.
Output by the SimonT Hockey Simulator (STHS) for François Prévost -- Original Page W3C XHTML 1.0 Valid